 Dungeon Crawl Stone Soup version 0.28-a0-406-g4bac719ec2 (webtiles) character file.

Game seed: 13135165113964589639

184 Chromatus the Skirmisher (level 5, -3/42 HPs)
             Began as a Demonspawn Monk on Sept 4, 2021.
             Was a Priest of Sif Muna.
             Killed from afar by Ijyb (7 damage)
             ... with a puff of flame
             ... on level 3 of the Dungeon on Sept 5, 2021.
             The game lasted 00:20:27 (4131 turns).

Chromatus the Skirmisher (Demonspawn Monk)          Turns: 4131, Time: 00:20:27

Health: -3/42      AC:  7    Str: 11    XL:     5   Next: 36%
Magic:  0/7        EV: 11    Int: 12    God:    Sif Muna [***...]
Gold:   86         SH:  0    Dex: 16    Spells: 7/7 levels left

rFire   . . .      SeeInvis .   a - +1 hand axe
rCold   . . .      Faith    .   (no shield)
rNeg    . . .      Spirit   +   j - +0 scale mail
rPois   .          Reflect  .   i - +0 helmet
rElec   .          Harm     .   (no cloak)
rCorr   .          Rampage  .   (no gloves)
Will    .....                   (no boots)
Stlth   +.........              (no amulet)
HPRegen 0.14/turn               (no ring)
MPRegen 0.20/turn               (no ring)

@: about to teleport, attractive
A: claws 1, repulsion field 1, magic shield, magic regeneration
a: Renounce Religion, Channel Magic, Forget Spell


You were on level 3 of the Dungeon.
You worshipped Sif Muna.
Sif Muna was most pleased with you.
You visited 1 branch of the dungeon, and saw 4 of its levels.

You collected 86 gold pieces.

Inventory:

Hand Weapons
 a - a +1 hand axe (weapon)
Armour
 b - a +0 robe
 i - a +0 helmet (worn)
   (You took it off Robin on level 1 of the Dungeon)
 j - a +0 scale mail (worn)
   (You found it on level 2 of the Dungeon)
Scrolls
 e - a scroll of blinking {unknown}
 f - a scroll of identify {unknown}
 g - a scroll of teleportation {@r4}


   Skills:
 + Level 4.0 Fighting
 + Level 3.7 Axes
 - Level 1.4 Armour
 - Level 2.6 Dodging
 - Level 1.7 Stealth
 + Level 1.5 Spellcasting
 + Level 2.4 Invocations


You had 7 spell levels left.
You didn't know any spells.
Your spell library was empty.

Dungeon Overview and Level Annotations

Branches:
Dungeon (4/15)
 Temple: D:4-7

Altars:
Sif Muna

Annotations:
D:2 Sigmund
D:3 Ijyb


Innate Abilities, Weirdness & Mutations

You have sharp fingernails.
You are surrounded by a mild repulsion field. (EV +2)
When hurt, damage is shared between your health and your magic reserves.
You regenerate magic rapidly.


Message History

You hit Ijyb but do no damage.
Ijyb zaps a wand.
The puff of flame hits you.
As you read the scroll labelled FEUNOM VYSE, it crumbles to dust.
It is a scroll of enchant weapon.
Your +0 hand axe glows red for a moment.
Ijyb hits you but does no damage.
It was a potion of attraction.
You feel attractive to monsters. Ijyb screams, "Me kill you!"
Ijyb zaps a wand.
The puff of flame misses you.
You completely miss Ijyb.
Ijyb zaps a wand.
The puff of flame misses you.
You hit Ijyb but do no damage.
Ijyb zaps a wand.
The puff of flame hits you.
Ijyb zaps a wand.
The puff of flame hits you.
You barely miss Ijyb. Ijyb barely misses you.
You hit Ijyb. Ijyb hits you but does no damage.
You closely miss Ijyb.
Ijyb zaps a wand.
The puff of flame hits you.
You hit Ijyb but do no damage. Ijyb hits you but does no damage.
You hit Ijyb but do no damage.
Ijyb zaps a wand.
The puff of flame hits you!
* * * LOW HITPOINT WARNING * * *
You are too injured to fight recklessly!
You closely miss Ijyb.
Ijyb zaps a wand.
The puff of flame hits you!
* * * LOW HITPOINT WARNING * * *
You hit Ijyb.
Ijyb zaps a wand.
The puff of flame hits you.
* * * LOW HITPOINT WARNING * * *
As you read the scroll labelled RALEJO TUETIRCH, it crumbles to dust.
You hear a loud clanging noise!
It was a scroll of noise.
Ijyb closely misses you.
As you read the scroll labelled MARURISA GA SOTT, it crumbles to dust.
You feel strangely unstable.
It was a scroll of teleportation.
Ijyb zaps a wand.
The puff of flame misses you.
You hit Ijyb.
Ijyb zaps a wand.
The puff of flame hits you!
You die...

######### #......<#
####.####### #..........#
#..........# #..........#
###### ####.#######
########..g@####...###
#.........#..#.......#
#.........#..#.#.###.#
#.........#....#(# #.#
##### ########.##....#.#
#.# #....
######.##...##.###.###....
#.......#.................
#.......##.#.#####.##.....
#.......##.#.## ####.....


You could see Ijyb.

Vanquished Creatures
  Robin (D:1)
  6 adders
  2 dart slugs
  An orc (D:3)
  4 endoplasms
  A giant cockroach (D:2)
  13 goblins
  7 hobgoblins
  6 kobolds
  A quokka (D:3)
  A ball python (D:1)
  5 bats
  6 frilled lizards
  3 rats
57 creatures vanquished.

Vanquished Creatures (collateral kills)
  A scorpion (D:3)
1 creature vanquished.

Grand Total: 58 creatures vanquished

Notes
Turn   | Place    | Note
-------+----------+-------------------------------------------
     0 | D:1      | Chromatus the Demonspawn Monk began the quest for the Orb.
     0 | D:1      | Reached XP level 1. HP: 18/18 MP: 1/1
    78 | D:1      | Found a faded altar of an unknown god.
    81 | D:1      | Became a worshipper of Sif Muna the Loreminder
    81 | D:1      | Reached * piety under Sif Muna
    81 | D:1      | Reached ** piety under Sif Muna
   525 | D:1      | Gained mutation: You regenerate magic rapidly. [demonic
                  | ancestry]
   525 | D:1      | Reached XP level 2. HP: 24/24 MP: 2/2
   648 | D:1      | Reached *** piety under Sif Muna
  1280 | D:2      | Reached skill level 1 in Armour
  1520 | D:2      | Gained mutation: When hurt, damage is shared between your
                  | health and your magic reserves. [demonic ancestry]
  1520 | D:2      | Reached XP level 3. HP: 29/29 MP: 3/3
  1692 | D:2      | Noticed Robin
  2110 | D:1      | Killed Robin
  2336 | D:2      | Reached skill level 1 in Invocations
  2571 | D:2      | Gained mutation: You are surrounded by a mild repulsion
                  | field. (EV +2) [demonic ancestry]
  2571 | D:2      | Reached XP level 4. HP: 36/36 MP: 4/4
  2756 | D:2      | Noticed Sigmund
  2981 | D:3      | Reached skill level 1 in Spellcasting
  3520 | D:4      | Noticed Ijyb
  3520 | D:4      | Noticed a scorpion
  3538 | D:3      | Killed a scorpion
  3539 | D:3      | Reached skill level 4 in Fighting
  3539 | D:3      | Gained mutation: You have sharp fingernails. [demonic
                  | ancestry]
  3539 | D:3      | Reached XP level 5. HP: 27/42 MP: 5/7
  3651 | D:3      | Upgraded the game from 0.28-a0-397-g1a7b1a870f to
                  | 0.28-a0-406-g4bac719ec2
  3867 | D:4      | Noticed an ogre
  3867 | D:4      | Noticed a wyvern
  4131 | D:3      | Killed from afar by Ijyb

Illustrated notes

Levels and vault maps discovered:
D:1:      ebering_hopf_link, layout_loops_corners,
          hellmonk_ecumenical_altar_heavens_door, minmay_misc_feat_columns
D:2:      layout_loops_corners, uniq_robin, uniq_sigmund
D:3:      layout_basic
D:4:      layout_loops_ring, uniq_ijyb

Skill      XL: |  1  2  3  4 |
---------------+-------------+-----
Axes           | 3 |  3.7
Armour         | 1 |  1.4
Invocations    | 1 2 |  2.4
Spellcasting   | 1 |  1.5
Fighting       | 4 |  4.0
Dodging        | |  2.6
Stealth        | |  1.7

Action                   |  1- 3 |  4- 6 || total
-------------------------+-------+-------++-------
Melee: Hand axe          |   145 |   159 ||   304
  Use: Scroll            |       |     4 ||     4
       Potion            |       |     1 ||     1
 Stab: Sleeping          |     4 |       ||     4
Armor: Robe              |    28 |       ||    28
       Scale mail        |     1 |    51 ||    52
Dodge: Dodged            |    95 |    96 ||   191

Table legend: (Time is in decaauts)
 A = Elapsed time spent in this place.
 B = Non-inter-level travel time spent in this place.
 C = Inter-level travel time spent in this place.
 D = Time resting spent in this place.
 E = Time spent auto-exploring this place.
 F = Levels seen in this place.
 G = Mean time per level.
                   A        B        C        D        E       F      G
               +--------+--------+--------+--------+--------+-----+--------+
         Total |   4180 |   4142 |     38 |   1101 |   2083 |   4 | 1045.0 |
       Dungeon |   4180 |   4142 |     38 |   1101 |   2083 |   4 | 1045.0 |
               +--------+--------+--------+--------+--------+-----+--------+

Top non-repeatable levels by time:
     D:1: 1697 daAuts
     D:3: 1293 daAuts
     D:2: 1183 daAuts
     D:4: 6 daAuts
